 Dungeon Crawl Stone Soup version 0.28.0-1-gb440e238dd (webtiles) character file.

Game seed: 1448996082775944070

49 Zeldest the Caller (level 3, 0/18 HPs)
             Began as a Vine Stalker Summoner on Feb 21, 2022.
             Succumbed to an adder's poison
             ... on level 2 of the Dungeon.
             The game lasted 00:06:04 (950 turns).

Zeldest the Caller (Vine Stalker Summoner)           Turns: 950, Time: 00:06:04

Health: 0/18       AC:  2    Str: 10    XL:     3   Next: 75%
Magic:  4/7        EV: 12    Int: 17    God:
Gold:   66         SH:  0    Dex: 14    Spells: 4/7 levels left

rFire   . . .      SeeInvis .     - Unarmed
rCold   . . .      Faith    .   (no shield)
rNeg    . . .      Spirit   +   a - +0 robe
rPois   .          Reflect  .   (no helmet)
rElec   .          Harm     .   (no cloak)
rCorr   .          Rampage  .   (no gloves)
Will    .....                   (no boots)
Stlth   ++........              (no amulet)
HPRegen 0.06/turn               (no ring)
MPRegen 0.10/turn               (no ring)

@: lethally poisoned (0 -> -3)
A: fangs 2, magic shield, antimagic bite, no potion heal 2, low MP 1
a: no special abilities


You were on level 2 of the Dungeon.
You visited 1 branch of the dungeon, and saw 2 of its levels.

You collected 66 gold pieces.

Inventory:

Armour
 a - a +0 robe (worn)
Scrolls
 c - a scroll of blinking
 d - 2 scrolls of teleportation {unknown}


   Skills:
 + Level 1.2 Fighting
 - Level 1.5 Dodging
 - Level 2.4 Stealth
 + Level 1.3 Unarmed Combat
 + Level 2.7 Spellcasting
 + Level 4.3 Summonings


You had 4 spell levels left.
You knew the following spells:

 Your Spells              Type           Power      Damage    Failure   Level
a - Call Imp              Summ           17%        N/A       4%          2
b - Summon Small Mammal   Summ           68%        N/A       3%          1

Your spell library contained the following spells:

 Spells                   Type           Power      Damage    Failure   Level
 Call Canine Familiar     Summ           17%        N/A       9%          3
 Summon Guardian Golem    Hex/Summ       9%         N/A       22%         3
 Summon Lightning Spire   Summ/Air       9%         N/A       58%         4


Dungeon Overview and Level Annotations

Branches:
Dungeon (2/15)

Altars:


Innate Abilities, Weirdness & Mutations

You have extremely sharp teeth.
When hurt, damage is shared between your health and your magic reserves.
Your bite disrupts and absorbs the magic of your enemies.
Potions cannot restore your health.
Your magical capacity is low. (-10% MP)


Message History

You closely miss the ball python. You bite the ball python.
You kill the ball python!
You hit the adder. Your bite misses the adder.
The adder is lightly wounded.
Your crimson imp hits the adder.
The adder bites you.
You hit the adder. Your bite misses the adder.
The adder is severely wounded.
Your crimson imp blinks!
The adder bites you.
You hit the adder.
You kill the adder!
You open the door.
A dart slug and an adder come into view.
The adder moves out of view.
Casting: Call Imp (safe; 4% risk of failure)
Confirm with . or Enter, or press ? or * to list all spells.
A beastly little devil appears in a puff of frigid air.
Your crimson imp disappears in a puff of smoke!
The dart slug launches a dart at you. The slug dart hits you.
The adder bites you.
There is an open door here.
The adder bites you.
* * * LOW HITPOINT WARNING * * *
You are lethally poisoned!
The adder poisons you!
It was a potion of mutation.
You feel extremely strange.
You feel less energetic.
* * * LOW HITPOINT WARNING * * *
You feel sick. The adder closely misses you.
Your white imp hits the adder.
Your white imp freezes the adder.
Blink to where?
Press: ? - help, Dir - move target
As you read the scroll labelled DAIHYD DUORR, it crumbles to dust.
It was a scroll of blinking.
* * * LOW HITPOINT WARNING * * *
You feel sick.
* * * LOW HITPOINT WARNING * * *
You feel sick. Something barely misses your white imp.
You die...

## ### #.. ..# #..##.#
####..##.#
#......#.#########.#
#..................#
#........#####@#####
###.....#..# #..#
...........# #..#
##.###.#### #..#
#.....#... #..#
#####.#... ##..######
#.....##..##85.8##..#
###.###.##.w'S.....†..#
...# #.##..#..##..#..#


You could see a friendly white imp (summoned).

Vanquished Creatures
  An adder (D:2)
  3 ball pythons
  2 bats
  4 endoplasms
  A giant cockroach (D:2)
  A goblin (D:2)
  2 hobgoblins (D:1)
  A frilled lizard (D:1)
  A rat (D:1)
16 creatures vanquished.

Vanquished Creatures (collateral kills)
  A worm (D:2)
  A dart slug (D:1)
  2 ball pythons (D:1)
  4 bats (D:1)
  2 hobgoblins
  2 jackals (D:1)
  3 goblins
  A rat (D:1)
16 creatures vanquished.

Grand Total: 32 creatures vanquished

Notes
Turn   | Place    | Note
-------+----------+-------------------------------------------
     0 | D:1      | Zeldest the Vine Stalker Summoner began the quest for the
                  | Orb.
     0 | D:1      | Reached XP level 1. HP: 9/9 MP: 4/4
    90 | D:1      | Reached XP level 2. HP: 2/14 MP: 1/6
    93 | D:1      | Learned a level 2 spell: Call Imp
   371 | D:1      | Reached skill level 1 in Unarmed Combat
   500 | D:1      | Reached skill level 1 in Fighting
   500 | D:1      | Reached XP level 3. HP: 10/18 MP: 4/7
   947 | D:2      | Gained mutation: Your magical capacity is low. (-10% MP)
                  | [potion of mutation]
   950 | D:2      | Succumbed to an adder's poison

Illustrated notes

Levels and vault maps discovered:
D:1:      heliophobic_arrival_glass_houses, layout_loops_corners,
          chequers_ecumenical_altar_twisty
D:2:      minmay_chambers_of_twos, layout_loops_corners

Skill      XL: |  1  2 |
---------------+-------+-----
Unarmed Combat | 1 |  1.3
Fighting       | 1 |  1.2
Dodging        | |  1.5
Stealth        | |  2.4
Spellcasting   | |  2.7
Summonings     | |  4.3

Action                   || total
-------------------------++-------
Melee: Unarmed           ||    63
       Bite              ||    14
       Punch             ||     1
 Cast: Summon Small Mamm ||     2
       Call Imp          ||    16
  Use: Scroll            ||     1
       Potion            ||     1
 Stab: Sleeping          ||     1
Armor: Robe              ||    14
Dodge: Dodged            ||    43
